 Dungeon Crawl Stone Soup version 0.28.0-53-g5a82cb258f (webtiles) character file.

Game seed: 8225946535924818028

274 hawla the Stinger (level 6, -2/33 HPs)
             Began as a Deep Elf Venom Mage on June 6, 2022.
             Hit by a boomerang thrown by a gnoll (6 damage)
             ... on level 4 of the Dungeon on June 7, 2022.
             The game lasted 00:10:56 (4185 turns).

hawla the Stinger (Deep Elf Venom Mage)             Turns: 4185, Time: 00:10:56

Health: -2/33      AC:  2    Str: 10    XL:     6   Next: 3%
Magic:  5/14       EV: 12    Int: 20    God:
Gold:   102        SH:  0    Dex: 11    Spells: 6/13 levels left

rFire   . . .      SeeInvis .   f - +6 rapier of Zot Xuniugy {flame, Will++ Str+3 Dex-4}
rCold   . . .      Faith    .   (no shield)
rNeg    . . .      Spirit   .   a - +0 robe
rPois   .          Reflect  .   (no helmet)
rElec   .          Harm     .   (no cloak)
rCorr   .          Rampage  .   (no gloves)
Will    ++...                   (no boots)
Stlth   ++........              (no amulet)
HPRegen 0.11/turn               (no ring)
MPRegen 0.14/turn               (no ring)

@: no status effects
A: no striking features
a: no special abilities


You were on level 4 of the Dungeon.
You visited 1 branch of the dungeon, and saw 4 of its levels.

You collected 255 gold pieces.
You spent 153 gold pieces at shops.

Inventory:

Hand Weapons
 f - the +6 rapier of Zot Xuniugy (weapon) {flame, Will++ Str+3 Dex-4}
   (You bought it in a shop on level 3 of the Dungeon)

   It burns those it strikes, dealing additional fire damage.
   Str:       It affects your strength (+3).
   Dex:       It affects your dexterity (-4).
   Will:      It greatly increases your willpower.
Missiles
 g - 8 poisoned darts
 n - 3 boomerangs
Armour
 a - a +0 robe (worn)
Jewellery
 b - a ring of willpower
 l - a +4 ring of protection
Scrolls
 e - a scroll of teleportation
 m - a scroll of identify
Potions
 c - a potion of attraction
 d - 2 potions of curing
 h - a potion of brilliance {unknown}
 i - a potion of lignification {unknown}
 j - a potion of degeneration {unknown}
 k - a potion of resistance {unknown}


   Skills:
 + Level 0.6 Fighting
 + Level 1.7 Short Blades
 + Level 2.8 Dodging
 - Level 2.6 Stealth
 - Level 4.1 Spellcasting
 + Level 2.5 Transmutations
 + Level 1.2 Air Magic
 * Level 5.4 Poison Magic


You had 6 spell levels left.
You knew the following spells:

 Your Spells              Type           Power      Damage    Failure   Level
a - Sting                 Tmut/Pois      80%        1d7       2%          1
b - Poisonous Vapours     Pois/Air       34%        N/A       4%          2
c - Olgreb's Toxic Radia  Pois           26%        N/A       13%         4

Your spell library contained the following spells:

 Spells                   Type           Power      Damage    Failure   Level
 Spider Form              Tmut/Pois      20%        N/A       8%          3
 Mephitic Cloud           Conj/Pois/Air  13%        N/A       16%         3
 Ensorcelled Hibernation  Hex/Ice        8%         N/A       19%         2
 Dazzling Flash           Conj/Hex       8%         N/A       36%         3
 Anguish                  Hex/Necr       2%         N/A       77%         4
 Silence                  Hex/Air        3%         N/A       95%         5
 Agony                    Necr           4%         N/A       98%         5


Dungeon Overview and Level Annotations

Branches:
Dungeon (4/15)
 Temple: D:4-7

Altars:
Sif Muna

Shops:
D:3 *

Annotations:
D:4 Blork the orc


Message History

You see here 21 stones.
Casting: Poisonous Vapours (safe; 5% risk of failure)
Confirm with . or Enter, or press ? or * to list all spells.
Aiming: Poisonous Vapours (safe; 5% risk of failure)
Press: ? - help, Dir - move target, f/p - ogre
Aim: an ogre, wielding a +0 giant club (lightly wounded, poisoned) Poisonous vapours surround the ogre!
The ogre looks even sicker.
Casting: Poisonous Vapours (safe; 5% risk of failure)
Confirm with . or Enter, or press ? or * to list all spells.
Aiming: Poisonous Vapours (safe; 5% risk of failure)
Press: ? - help, Dir - move target, f/p - ogre
Aim: an ogre, wielding a +0 giant club (moderately wounded, poisoned)
You miscast Poisonous Vapours.
You are very lightly contaminated with residual magic.
Nothing appears to happen.
The ogre barely misses you.
The ogre looks more healthy.
Casting: Poisonous Vapours (safe; 5% risk of failure)
Confirm with . or Enter, or press ? or * to list all spells.
The spell is extremely dangerous to miscast (17% risk of failure)!
Continue anyway?
You begin to radiate toxic energy.
The gnoll is poisoned.
The ogre is poisoned.
The ogre looks even sicker.
The ogre closely misses you.
The ogre looks even sicker.
Your toxic aura wanes.
Your magical contamination has completely faded away.
Casting: Olgreb's Toxic Radiance (extremely dangerous; 17% risk of failure)
Confirm with . or Enter, or press ? or * to list all spells.
Aiming: Poisonous Vapours (safe; 5% risk of failure)
Press: ? - help, Dir - move target, f/p - ogre
Aim: an ogre, wielding a +0 giant club (severely wounded, very poisoned) Poisonous vapours surround the ogre!
The ogre looks as sick as possible!
The gnoll looks more healthy.
Found 16 gold pieces.
You puncture the ogre! You burn the ogre.
You kill the ogre!
The gnoll hits you from afar with a +0 halberd!
* * * LOW HITPOINT WARNING * * *
Your Poison Magic skill increases to level 5!
You have reached level 6!
The gnoll throws a boomerang.
The boomerang hits you.
You die...

#..# #..# . #..#
..####..# .......
....# #..# ##.##
#$####.@# ##.....
........#
##.....###.#####)#
#.)........#####g#
#................#
#.#...#.########.#
#.##.##.########.#
#.##.............#
...(....##########


You could see a gnoll.

Vanquished Creatures
  An ogre (D:4)
  A centaur skeleton (D:4)
  An orc wizard (D:3)
  4 adders
  A gnoll (D:1)
  An adder skeleton (D:4)
  2 dart slugs
  5 orcs (D:3)
  7 bats
  3 endoplasms
  2 giant cockroaches
  11 goblins
  5 hobgoblins
  8 ball pythons
  7 frilled lizards
  11 kobolds
  9 rats
79 creatures vanquished.

Vanquished Creatures (others)
  4 toadstools (D:1)
4 creatures vanquished.

Grand Total: 83 creatures vanquished

Notes
Turn   | Place    | Note
-------+----------+-------------------------------------------
     0 | D:1      | hawla the Deep Elf Venom Mage began the quest for the Orb.
     0 | D:1      | Reached XP level 1. HP: 10/10 MP: 6/6
   190 | D:1      | Reached XP level 2. HP: 7/15 MP: 2/8
   508 | D:1      | Found a faded altar of an unknown god.
   514 | D:1      | Reached skill level 4 in Poison Magic
   805 | D:1      | Reached XP level 3. HP: 19/19 MP: 7/10
  1137 | D:2      | Identified the +6 whip of Hig Veum {drain, Will++ Str-2
                  | Int+2}
  1363 | D:3      | Found a shimmering blue altar of Sif Muna.
  1428 | D:3      | Found Tayl's Assorted Antiques.
  1715 | D:2      | Learned a level 2 spell: Poisonous Vapours
  2408 | D:2      | Reached XP level 4. HP: 15/24 MP: 1/12
  2965 | D:3      | Bought a crystal rapier for 153 gold pieces
  2965 | D:3      | Identified the +6 rapier of Zot Xuniugy {flame, Will++
                  | Str+3 Dex-4} (You bought it in a shop on level 3 of the
                  | Dungeon)
  3515 | D:2      | Learned a level 4 spell: Olgreb's Toxic Radiance
  3844 | D:4      | Reached skill level 1 in Short Blades
  3844 | D:4      | Reached XP level 5. HP: 20/28 MP: 7/13
  4051 | D:4      | Reached skill level 1 in Air Magic
  4123 | D:4      | Noticed Blork the orc
  4138 | D:4      | Noticed an ogre
  4184 | D:4      | Killed an ogre
  4185 | D:4      | Reached skill level 5 in Poison Magic
  4185 | D:4      | Reached XP level 6. HP: 4/33 MP: 5/14
  4185 | D:4      | Hit by a boomerang thrown by a gnoll

Illustrated notes

Levels and vault maps discovered:
D:1:      ldierk_walled_garden_2, layout_rooms,
          hellmonk_ecumenical_altar_blasted, minmay_misc_feat_roman
D:2:      minmay_inner_zag, layout_basic
D:3:      layout_rooms, mainiacjoe_overflow_24_doors, serial_shops, shop,
          minmay_pentomino_pile
D:4:      layout_loops_ring, uniq_blork_the_orc, uniq_crazy_yiuf_cottage,
          uniq_sigmund

Skill      XL: |  1  2  3  4  5 |
---------------+----------------+-----
Poison Magic   | 4 5 |  5.4
Transmutations | 2 |  2.5
Spellcasting   | 4 |  4.1
Short Blades   | 1 |  1.7
Air Magic      | 1 |  1.2
Fighting       | |  0.6
Dodging        | |  2.8
Stealth        | |  2.6

Action                   |  1- 3 |  4- 6 || total
-------------------------+-------+-------++-------
Melee: Unarmed           |    41 |     3 ||    44
       Rapier            |       |    32 ||    32
 Cast: Sting             |    56 |    25 ||    81
       Poisonous Vapours |    20 |    17 ||    37
       Olgreb's Toxic Ra |       |     3 ||     3
  Use: Scroll            |     1 |     5 ||     6
 Stab: Sleeping          |     1 |     3 ||     4
Armor: Robe              |    13 |     8 ||    21
Dodge: Dodged            |    37 |    25 ||    62
